 Dungeon Crawl Stone Soup version 0.29-a0-384-g6960b1960d (webtiles) character file.

Game seed: 6605102465815180313

118 NinjaNoafa the Shield-Bearer (level 4, 0/61 HPs)
             Began as a Minotaur Fighter on May 6, 2022.
             Slain by a gnoll
             ... wielding a +0 halberd
              (2 damage)
             ... on level 3 of the Dungeon.
             The game lasted 00:03:37 (1644 turns).

NinjaNoafa the Shield-Bearer (Minotaur Fighter)     Turns: 1644, Time: 00:03:38

Health: 0/61       AC: 22    Str: 28    XL:     4   Next: 72%
Magic:  3/3        EV:  2    Int: 11    God:
Gold:   110        SH:  4    Dex: 10    Spells: 3/3 levels left

rFire   . . .      SeeInvis .   a - +0 war axe
rCold   . . .      Faith    .   c - +0 buckler
rNeg    . . .      Spirit   .   (body armour currently unavailable)
rPois   +          Reflect  .   (helmet currently unavailable)
rElec   .          Harm     .   (cloak currently unavailable)
rCorr   .          Rampage  .   (gloves currently unavailable)
Will    .....      NoTele   +   (boots currently unavailable)
Stlth   +.........              (no amulet)
HPRegen 0.20/turn               j - +6 ring of strength
MPRegen 0.08/turn               l - +6 ring of intelligence

@: mighty, brilliant, tree-form (expiring)
A: stationary, stasis, torment immunity, boosted hp, (horns 2), (retaliatory
headbutt)
a: no special abilities


You were on level 3 of the Dungeon.
You were a tree.
You visited 1 branch of the dungeon, and saw 3 of its levels.

You collected 110 gold pieces.

Inventory:

Hand Weapons
 a - a +0 war axe (weapon)
Armour
 b - a +0 scale mail (melded)
 c - a +0 buckler (worn)
 k - a +0 cloak (melded)
Jewellery
 j - a +6 ring of strength (left branch)
 l - a +6 ring of intelligence (right branch)
Scrolls
 g - a scroll of fog
 h - 2 scrolls of identify
 i - a scroll of immolation
Potions
 e - 2 potions of lignification


   Skills:
 + Level 4.5 Fighting
 + Level 3.6 Axes
 + Level 4.5 Armour
 + Level 4.6 Shields


You had 3 spell levels left.
You didn't know any spells.
Your spell library contained the following spells:

 Spells                   Type           Power      Damage    Failure   Level
 Sublimation of Blood     Necr           0%         N/A       56%         2
 Ignite Poison            Fire/Tmut/Pois 0%         N/A       80%         3
 Mephitic Cloud           Conj/Pois/Air  0%         N/A       80%         3
 Petrify                  Tmut/Erth      0%         N/A       99%         4
 Freezing Cloud           Conj/Ice/Air   0%         6-21      100%        5
 Irradiate                Conj/Tmut      0%         3d13      100%        5


Dungeon Overview and Level Annotations

Branches:
Dungeon (3/15)

Altars:

Shops:
D:1 [


Innate Abilities, Weirdness & Mutations

You are a tree.
Your roots penetrate the ground, keeping you stationary.
You cannot be teleported.
You are immune to unholy pain and torment.
Your maximum health is greatly increased.
Your equipment is partially melded.
((You have a pair of horns on your head.))
((You reflexively headbutt those who attack you in melee.))


Message History

i - a scroll of immolation The gnoll hits you but does no damage. x2
Okay, then.
Okay, then.
The gnoll hits you but does no damage. x2
Really read the scroll of immolation? [Y]es or [N]o only, please.
Really read the scroll of immolation?
Okay, then.
The gnoll hits you but does no damage. The gnoll barely misses you.
The gnoll hits you but does no damage. x2
The gnoll hits you from afar with a +0 spear.
* * * LOW HITPOINT WARNING * * *
The gnoll hits you but does no damage.
The gnoll hits you but does no damage. x2
The gnoll barely misses you. The gnoll hits you but does no damage.
There are monsters nearby!
The gnoll hits you but does no damage. x2
The gnoll hits you but does no damage. The gnoll barely misses you.
You are too injured to fight recklessly!
Okay, then.
You don't have any unidentified items.
The gnoll hits you but does no damage.
The gnoll hits you from afar with a +0 halberd.
* * * LOW HITPOINT WARNING * * *
The gnoll hits you from afar with a +0 halberd.
* * * LOW HITPOINT WARNING * * *
You block the gnoll's attack.
Your transformation is almost over.
The gnoll hits you but does no damage. x2
The gnoll hits you but does no damage. x2
The gnoll hits you but does no damage. You block the gnoll's attack.
The gnoll completely misses you. The gnoll barely misses you.
The gnoll hits you from afar with a +0 halberd.
* * * LOW HITPOINT WARNING * * *
The gnoll hits you but does no damage.
The gnoll hits you but does no damage. x2
The gnoll hits you but does no damage. x2
The gnoll hits you from afar with a +0 halberd.
You die...

.. .#### ....
#########... ...
#.......... ...
#......?gg# ####.###
#......§§.# #......#
#......§♣§####......#.#
#.....§§§§...#......#.#
#......§.§...#......#.###
#......§§....####.###....
#.....................###
#....†....#..............
#.........#...........###
#......).......####.)....
########.......# #†.<...


You could see 2 gnolls.

Vanquished Creatures
  2 gnolls (D:3)
  4 adders
  2 dart slugs
  An orc (D:3)
  5 endoplasms
  2 giant cockroaches
  7 goblins
  5 hobgoblins
  2 jackals (D:2)
  8 kobolds
  3 quokkas
  3 ball pythons
  2 ball python skeletons (D:2)
  A bat (D:1)
  6 frilled lizards
  A jackal skeleton (D:2)
  3 rats
57 creatures vanquished.

Vanquished Creatures (others)
  A withered plant (D:2)
1 creature vanquished.

Grand Total: 58 creatures vanquished

Notes
Turn   | Place    | Note
-------+----------+-------------------------------------------
     0 | D:1      | NinjaNoafa the Minotaur Fighter began the quest for the
                  | Orb.
     0 | D:1      | Reached XP level 1. HP: 19/19 MP: 0/0
   169 | D:1      | Reached XP level 2. HP: 27/27 MP: 1/1
   214 | D:1      | You fall into a shaft and drop 1 floor!
   404 | D:2      | Reached XP level 3. HP: 33/33 MP: 2/2
   473 | D:1      | Found a faded altar of an unknown god.
   576 | D:1      | Found Uqalosm's Armour Shop.
  1103 | D:2      | Reached XP level 4. HP: 40/40 MP: 3/3
  1641 | D:3      | HP: 2/61 [gnoll/+0 halberd (5)]
  1644 | D:3      | Slain by a gnoll

Illustrated notes

Levels and vault maps discovered:
D:1:      dpeg_arrival_simpleton_a, layout_loops_ring, serial_shops, shop,
          basic_ecumenical_altar
D:2:      layout_rooms, serial_undead, serial_undead_b, serial_undead_a,
          serial_undead_f, serial_undead_f
D:3:      layout_basic, hangedman_abyss_or_decor_lesser_grid, minivault_26,
          supply_closet_lemuel

Skill      XL: |  1  2 |
---------------+-------+-----
Fighting       | 4 |  4.5
Axes           | 3 |  3.6
Armour         | 4 |  4.5
Shields        | 4 |  4.6

Action                   |  1- 3 |  4- 6 || total
-------------------------+-------+-------++-------
Melee: War axe           |    83 |    25 ||   108
       Headbutt          |     6 |     3 ||     9
  Use: Potion            |       |     4 ||     4
       Scroll            |       |     2 ||     2
Armor: Scale mail        |    48 |    11 ||    59
       Skin              |       |    31 ||    31
Dodge: Dodged            |    45 |    20 ||    65
Block: Buckler           |    17 |     7 ||    24

Table legend: (Time is in decaauts)
 A = Elapsed time spent in this place.
 B = Non-inter-level travel time spent in this place.
 C = Inter-level travel time spent in this place.
 D = Time resting spent in this place.
 E = Time spent auto-exploring this place.
 F = Levels seen in this place.
 G = Mean time per level.
                   A        B        C        D        E       F      G
               +--------+--------+--------+--------+--------+-----+--------+
         Total |   1685 |   1602 |     83 |      0 |   1236 |   3 |  561.7 |
       Dungeon |   1685 |   1602 |     83 |      0 |   1236 |   3 |  561.7 |
               +--------+--------+--------+--------+--------+-----+--------+

Top non-repeatable levels by time:
     D:1: 850 daAuts
     D:2: 732 daAuts
     D:3: 103 daAuts
